General information
- name: BNet
- type: Ladder team game (AT/RT)
- host: Battle.net
- saver: BenitoMussolini
map: Cherryville
- players: 8
- length: 55:32
- speed: Fast
- version: 1.26 W3XP
- replay type: Public
» download(376 KB)
Players
team 1 (loser)
sr-marine84 (
blue | 74 APM | 4114 actions | 55:32)
8 Death Knight
3 Death Coil
3 Unholy Aura
1 Animate Dead
1 Death Pact
4 Lich
2 Frost Nova
2 Frost Armor
» actions
| Assign group hotkey | 36 | |
| Basic commands | 24 | |
| Build / train | 83 | |
| Enter build submenu | 25 | |
| Enter hero's abilities submenu | 13 | |
| Give item / drop item | 2 | |
| Right click | 1758 | |
| Select / deselect | 399 | |
| Select group hotkey | 1650 | |
| Use ability | 124 | |
4114 total
» units
| Acolyte | 16 | |
| Ghoul | 4 | |
| Crypt Fiend | 12 | |
| Goblin Shredder | 1 | |
| Frost Wyrm | 5 | |
38 total
» upgrades
| Creature Attack | 3 | |
| Creature Carapace | 3 | |
| Web | 1 | |
| Burrow | 1 | |
| Freezing Breath | 1 | |
9 total
» buildings
| Ziggurat | 12 | |
| Altar of Darkness | 1 | |
| Crypt | 2 | |
| Nerubian Tower | 3 | |
| Graveyard | 1 | |
| Tomb of Relics | 1 | |
| Halls of the Dead | 2 | |
| Necropolis | 1 | |
| Spirit Tower | 4 | |
| Black Citadel | 2 | |
| Sacrificial Pit | 1 | |
| Boneyard | 2 | |
32 total
» build order
00:15 Ziggurat
00:19 Altar of Darkness
00:54 Crypt
01:04 Crypt
01:12 Nerubian Tower
01:12 Nerubian Tower
01:34 Graveyard
01:49 Ziggurat
02:15 Tomb of Relics
04:05 Ziggurat
06:11 Halls of the Dead
06:12 Halls of the Dead
06:44 Necropolis
08:43 Ziggurat
09:02 Ziggurat
09:30 Ziggurat
09:39 Spirit Tower
10:17 Spirit Tower
10:18 Spirit Tower
10:21 Black Citadel
10:22 Black Citadel
10:25 Sacrificial Pit
13:51 Boneyard
13:54 Boneyard
14:23 Spirit Tower
15:18 Ziggurat
16:00 Ziggurat
19:58 Ziggurat
20:02 Ziggurat
20:04 Ziggurat
21:41 Ziggurat
» items
| Rod of Necromancy | 1 | |
| Scroll of Regeneration | 1 | |
| Scroll of Town Portal | 3 | |
| Orb of Corruption | 1 | |
6 total

»
DrunkenMonkey54 (
purple | 43 APM | 2372 actions | 55:29)
5 Priestess of the Moon
2 Trueshot Aura
3 Searing Arrows
» actions
| Assign group hotkey | 23 | |
| Basic commands | 58 | |
| Build / train | 103 | |
| Enter build submenu | 30 | |
| Enter hero's abilities submenu | 5 | |
| Remove unit from queue | 14 | |
| Right click | 1302 | |
| Select / deselect | 727 | |
| Select group hotkey | 36 | |
| Use ability | 74 | |
2372 total
» units
| Wisp | 34 | |
| Archer | 6 | |
| Huntress | 5 | |
| Hippogryph | 14 | |
| Chimaera | 11 | |
70 total
» upgrades
| Strength of the Wild | 3 | |
| Reinforced Hides | 4 | |
| Corrosive Breath | 1 | |
| Well Spring | 1 | |
9 total
» buildings
| Moon Well | 8 | |
| Altar of Elders | 3 | |
| Ancient of War | 1 | |
| Hunter's Hall | 1 | |
| Ancient of Wonders | 1 | |
| Ancient Protector | 5 | |
| Tree of Ages | 2 | |
| Ancient of Wind | 1 | |
| Tree of Life | 4 | |
| Tree of Eternity | 1 | |
| Chimaera Roost | 2 | |
29 total
» build order
00:06 Moon Well
00:11 Altar of Elders
00:47 Ancient of War
01:36 Moon Well
02:19 Hunter's Hall
03:15 Moon Well
03:59 Ancient of Wonders
04:39 Ancient Protector
04:45 Ancient Protector
05:24 Tree of Ages
06:17 Moon Well
06:26 Moon Well
08:01 Ancient of Wind
08:53 Tree of Life
08:56 Tree of Life
09:19 Tree of Life
09:22 Ancient Protector
09:25 Ancient Protector
09:32 Ancient Protector
10:07 Tree of Eternity
12:37 Chimaera Roost
12:39 Chimaera Roost
14:00 Moon Well
14:01 Moon Well
14:06 Moon Well
27:25 Altar of Elders
27:45 Tree of Ages
29:51 Tree of Life
29:55 Altar of Elders
32:28 Tree of Ages
» items
condenz (
yellow | 39 APM | 2181 actions | 55:32)
4 Archmage
1 Summon Water Elemental
2 Blizzard
1 Brilliance Aura
» actions
| Assign group hotkey | 90 | |
| Basic commands | 72 | |
| Build / train | 124 | |
| ESC pressed | 2 | |
| Enter build submenu | 34 | |
| Enter hero's abilities submenu | 5 | |
| Remove unit from queue | 2 | |
| Right click | 1310 | |
| Select / deselect | 336 | |
| Select group hotkey | 148 | |
| Use ability | 58 | |
2181 total
» units
| Peasant | 76 | |
| Flying Machine | 19 | |
95 total
» upgrades
| Masonry | 1 | |
| Swords | 2 | |
| Armor | 1 | |
| Gunpowder | 2 | |
| Plating | 1 | |
| Flak Cannons | 1 | |
| Flying Machine Bombs | 1 | |
9 total
» buildings
| Altar of Kings | 1 | |
| Farm | 7 | |
| Lumber Mill | 1 | |
| Arcane Vault | 1 | |
| Scout Tower | 15 | |
| Guard Tower | 9 | |
| Arcane Tower | 1 | |
| Town Hall | 4 | |
| Barracks | 1 | |
| Blacksmith | 1 | |
| Keep | 1 | |
| Castle | 1 | |
| Workshop | 4 | |
47 total
» build order
00:15 Altar of Kings
00:28 Farm
00:59 Lumber Mill
01:11 Farm
01:40 Arcane Vault
02:02 Scout Tower
02:32 Scout Tower
02:55 Guard Tower
03:06 Arcane Tower
06:32 Scout Tower
08:43 Town Hall
08:48 Scout Tower
08:56 Barracks
09:09 Guard Tower
09:12 Scout Tower
09:29 Guard Tower
09:50 Blacksmith
11:54 Scout Tower
14:13 Scout Tower
14:31 Scout Tower
14:40 Scout Tower
14:44 Guard Tower
15:24 Guard Tower
15:42 Guard Tower
15:54 Guard Tower
16:24 Farm
18:16 Farm
18:19 Farm
19:02 Town Hall
19:35 Scout Tower
19:39 Scout Tower
19:42 Scout Tower
19:48 Scout Tower
19:58 Keep
20:27 Guard Tower
20:59 Scout Tower
21:02 Scout Tower
21:44 Farm
21:53 Guard Tower
22:30 Castle
22:57 Town Hall
23:02 Town Hall
24:38 Workshop
24:42 Workshop
24:49 Workshop
26:35 Workshop
26:53 Farm
BenitoMussolini (
green | 131 APM | 7286 actions | 55:32)
9 Death Knight
3 Death Coil
3 Unholy Aura
1 Animate Dead
2 Death Pact
7 Lich
3 Frost Nova
3 Frost Armor
1 Death and Decay
» actions
| Assign group hotkey | 58 | |
| Basic commands | 216 | |
| Build / train | 221 | |
| ESC pressed | 8 | |
| Enter build submenu | 69 | |
| Enter hero's abilities submenu | 17 | |
| Give item / drop item | 11 | |
| Right click | 2213 | |
| Select / deselect | 733 | |
| Select group hotkey | 3470 | |
| Use ability | 270 | |
7286 total
» units
| Acolyte | 41 | |
| Ghoul | 4 | |
| Crypt Fiend | 10 | |
| Obsidian Statue | 3 | |
| Goblin Sapper | 8 | |
| Goblin Zeppelin | 1 | |
| Goblin Shredder | 2 | |
| Frost Wyrm | 1 | |
| Gargoyle | 8 | |
78 total
» upgrades
| Creature Attack | 3 | |
| Web | 1 | |
| Burrow | 1 | |
| Creature Carapace | 3 | |
| Ghoul Frenzy | 1 | |
| Destroyer Form | 1 | |
| Disease Cloud | 1 | |
| Unholy Armor | 3 | |
| Unholy Strength | 3 | |
| Exhume Corpses | 1 | |
| Stone Form | 1 | |
| Freezing Breath | 1 | |
| Cannibalize | 1 | |
21 total
» buildings
| Graveyard | 1 | |
| Crypt | 5 | |
| Altar of Darkness | 1 | |
| Ziggurat | 32 | |
| Tomb of Relics | 2 | |
| Halls of the Dead | 5 | |
| Necropolis | 5 | |
| Nerubian Tower | 14 | |
| Black Citadel | 3 | |
| Spirit Tower | 37 | |
| Slaughterhouse | 3 | |
| Sacrificial Pit | 1 | |
| Boneyard | 2 | |
111 total
» build order
00:10 Graveyard
00:13 Crypt
00:44 Altar of Darkness
00:59 Ziggurat
01:26 Tomb of Relics
02:03 Ziggurat
04:06 Halls of the Dead
04:07 Halls of the Dead
04:07 Halls of the Dead
05:22 Necropolis
05:34 Ziggurat
06:24 Nerubian Tower
07:29 Ziggurat
08:15 Ziggurat
08:18 Ziggurat
08:20 Ziggurat
08:21 Nerubian Tower
08:22 Nerubian Tower
08:39 Black Citadel
08:39 Black Citadel
08:39 Black Citadel
09:39 Spirit Tower
09:40 Spirit Tower
09:40 Spirit Tower
09:43 Spirit Tower
09:43 Spirit Tower
09:43 Spirit Tower
10:16 Ziggurat
10:18 Ziggurat
10:32 Spirit Tower
11:09 Slaughterhouse
11:12 Sacrificial Pit
11:48 Spirit Tower
13:30 Boneyard
13:40 Boneyard
21:28 Crypt
21:30 Crypt
21:57 Slaughterhouse
21:59 Slaughterhouse
22:02 Ziggurat
22:47 Necropolis
23:31 Spirit Tower
27:07 Necropolis
27:11 Ziggurat
27:12 Ziggurat
27:13 Ziggurat
27:15 Ziggurat
29:41 Nerubian Tower
29:41 Spirit Tower
29:43 Ziggurat
29:44 Ziggurat
29:46 Ziggurat
31:00 Crypt
31:01 Crypt
31:15 Spirit Tower
31:16 Spirit Tower
31:16 Spirit Tower
31:19 Spirit Tower
31:19 Spirit Tower
32:48 Ziggurat
32:50 Ziggurat
32:51 Ziggurat
32:53 Ziggurat
32:57 Necropolis
33:01 Ziggurat
33:09 Ziggurat
33:13 Ziggurat
33:18 Ziggurat
33:45 Spirit Tower
33:45 Spirit Tower
33:46 Nerubian Tower
33:46 Nerubian Tower
34:29 Spirit Tower
34:30 Spirit Tower
34:30 Spirit Tower
35:54 Tomb of Relics
37:12 Ziggurat
37:13 Ziggurat
38:14 Necropolis
38:15 Ziggurat
38:16 Ziggurat
38:17 Ziggurat
38:18 Ziggurat
39:01 Ziggurat
39:07 Spirit Tower
39:07 Spirit Tower
39:10 Nerubian Tower
43:00 Nerubian Tower
43:00 Nerubian Tower
43:05 Spirit Tower
43:06 Spirit Tower
43:53 Spirit Tower
43:53 Spirit Tower
43:53 Spirit Tower
43:57 Spirit Tower
43:57 Spirit Tower
43:58 Spirit Tower
46:52 Spirit Tower
» items
| Rod of Necromancy | 1 | |
| Periapt of Vitality | 2 | |
| Potion of Healing | 3 | |
| Potion of Mana | 4 | |
| Staff of Teleportation | 1 | |
| Potion of Lesser Invulnerability | 1 | |
| Scroll of Healing | 3 | |
| Scroll of Protection | 1 | |
| Boots of Speed | 1 | |
| Scroll of Town Portal | 5 | |
| Orb of Corruption | 1 | |
23 total
team 2 (winner)

»
ImGunaPakUrFudg (
red | 58 APM | 2631 actions | 45:16)
7 Blademaster
3 Wind Walk
3 Critical Strike
1 Bladestorm
» actions
| Assign group hotkey | 32 | |
| Basic commands | 149 | |
| Build / train | 76 | |
| Enter build submenu | 30 | |
| Enter hero's abilities submenu | 7 | |
| Give item / drop item | 4 | |
| Right click | 933 | |
| Select / deselect | 291 | |
| Select group hotkey | 992 | |
| Use ability | 117 | |
2631 total
» units
| Peon | 16 | |
| Grunt | 13 | |
| Wind Rider | 3 | |
| Tauren | 6 | |
| Shaman | 5 | |
43 total
» upgrades
| Melee Weapons | 2 | |
| Armor | 2 | |
| Shaman Training | 2 | |
| Ranged Weapons | 1 | |
| Envenomed Spears | 1 | |
8 total
» buildings
| Altar of Storms | 1 | |
| Orc Burrow | 9 | |
| Barracks | 1 | |
| Voodoo Lounge | 1 | |
| War Mill | 1 | |
| Great Hall | 1 | |
| Watch Tower | 5 | |
| Stronghold | 2 | |
| Fortress | 1 | |
| Spirit Lodge | 1 | |
| Beastiary | 3 | |
| Tauren Totem | 2 | |
28 total
» build order
00:08 Altar of Storms
00:11 Orc Burrow
00:30 Barracks
01:52 Orc Burrow
02:10 Voodoo Lounge
02:32 Orc Burrow
05:42 War Mill
06:19 Great Hall
07:02 Watch Tower
07:05 Watch Tower
07:50 Stronghold
09:18 Orc Burrow
10:17 Watch Tower
10:20 Watch Tower
10:22 Watch Tower
11:00 Fortress
12:23 Spirit Lodge
13:21 Beastiary
13:24 Tauren Totem
13:29 Tauren Totem
13:31 Beastiary
13:43 Beastiary
14:39 Orc Burrow
22:08 Orc Burrow
23:00 Orc Burrow
23:19 Orc Burrow
24:24 Orc Burrow
» items
| Healing Salve | 4 | |
| Lesser Clarity Potion | 5 | |
| Scroll of Town Portal | 1 | |
| Boots of Speed | 1 | |
| Circlet of Nobility | 1 | |
| Orb of Lightning | 1 | |
| Potion of Healing | 1 | |
14 total

»
DUDEcalmDoWN (
orange | 29 APM | 1369 actions | 46:39)
8 Death Knight
3 Death Coil
3 Unholy Aura
1 Animate Dead
1 Death Pact
» actions
| Basic commands | 132 | |
| Build / train | 85 | |
| ESC pressed | 6 | |
| Enter build submenu | 33 | |
| Enter hero's abilities submenu | 8 | |
| Remove unit from queue | 4 | |
| Right click | 403 | |
| Select / deselect | 580 | |
| Use ability | 118 | |
1369 total
» units
| Acolyte | 15 | |
| Ghoul | 8 | |
| Crypt Fiend | 16 | |
| Obsidian Statue | 15 | |
54 total
» upgrades
| Creature Carapace | 3 | |
| Creature Attack | 3 | |
| Web | 1 | |
| Destroyer Form | 1 | |
8 total
» buildings
| Ziggurat | 18 | |
| Crypt | 1 | |
| Altar of Darkness | 1 | |
| Graveyard | 1 | |
| Nerubian Tower | 2 | |
| Tomb of Relics | 1 | |
| Halls of the Dead | 1 | |
| Slaughterhouse | 2 | |
| Black Citadel | 1 | |
| Necropolis | 1 | |
29 total
» build order
00:11 Ziggurat
00:14 Crypt
00:48 Altar of Darkness
01:13 Graveyard
01:38 Ziggurat
02:02 Nerubian Tower
02:46 Tomb of Relics
02:50 Ziggurat
04:41 Halls of the Dead
05:32 Ziggurat
07:20 Slaughterhouse
08:17 Slaughterhouse
09:26 Ziggurat
10:24 Black Citadel
12:31 Ziggurat
12:31 Ziggurat
12:33 Ziggurat
12:35 Necropolis
14:11 Nerubian Tower
14:56 Ziggurat
17:09 Ziggurat
17:10 Ziggurat
17:12 Ziggurat
17:16 Ziggurat
18:12 Ziggurat
18:21 Ziggurat
27:19 Ziggurat
38:09 Ziggurat
38:14 Ziggurat
» items
| Rod of Necromancy | 1 | |
| Scroll of Town Portal | 5 | |
6 total
DirtyJob (
teal | 50 APM | 2799 actions | 55:30)
8 Archmage
3 Summon Water Elemental
3 Brilliance Aura
1 Blizzard
1 Mass Teleport
» actions
| Assign group hotkey | 96 | |
| Basic commands | 260 | |
| Build / train | 113 | |
| Enter build submenu | 82 | |
| Enter hero's abilities submenu | 10 | |
| Give item / drop item | 14 | |
| Remove unit from queue | 4 | |
| Right click | 1054 | |
| Select / deselect | 560 | |
| Select group hotkey | 429 | |
| Use ability | 176 | |
2799 total
» units
| Peasant | 12 | |
| Footman | 8 | |
| Goblin Shredder | 2 | |
| Gryphon Rider | 9 | |
| Siege Engine | 2 | |
| Goblin Sapper | 3 | |
36 total
» upgrades
| Swords | 3 | |
| Armor | 3 | |
| Animal War Training | 1 | |
| Masonry | 3 | |
| Lumber Harvesting | 2 | |
| Storm Hammers | 1 | |
| Cloud | 1 | |
| Gunpowder | 3 | |
| Plating | 3 | |
| Barrage | 1 | |
21 total
» buildings
| Altar of Kings | 1 | |
| Barracks | 1 | |
| Farm | 11 | |
| Scout Tower | 62 | |
| Arcane Tower | 1 | |
| Arcane Vault | 2 | |
| Keep | 1 | |
| Town Hall | 3 | |
| Lumber Mill | 1 | |
| Blacksmith | 2 | |
| Guard Tower | 16 | |
| Castle | 1 | |
| Gryphon Aviary | 3 | |
| Workshop | 3 | |
108 total
» build order
00:37 Altar of Kings
00:39 Barracks
00:54 Farm
01:05 Farm
01:06 Farm
01:24 Scout Tower
02:17 Arcane Tower
02:22 Farm
03:14 Arcane Vault
03:40 Keep
04:24 Town Hall
04:30 Scout Tower
04:30 Scout Tower
04:30 Scout Tower
04:52 Scout Tower
04:54 Scout Tower
05:16 Lumber Mill
05:21 Blacksmith
05:32 Scout Tower
05:33 Scout Tower
05:35 Scout Tower
05:35 Scout Tower
06:28 Guard Tower
06:30 Guard Tower
07:18 Castle
09:10 Guard Tower
09:14 Guard Tower
09:17 Farm
09:23 Gryphon Aviary
09:26 Gryphon Aviary
09:29 Gryphon Aviary
10:44 Scout Tower
10:44 Scout Tower
10:45 Scout Tower
11:51 Blacksmith
11:55 Scout Tower
11:55 Scout Tower
11:57 Guard Tower
12:00 Town Hall
12:02 Scout Tower
12:02 Scout Tower
12:03 Scout Tower
12:03 Scout Tower
12:04 Scout Tower
12:04 Scout Tower
12:07 Scout Tower
12:58 Guard Tower
13:50 Guard Tower
14:02 Scout Tower
14:02 Scout Tower
14:30 Scout Tower
14:31 Scout Tower
14:32 Scout Tower
14:33 Scout Tower
14:34 Scout Tower
14:38 Scout Tower
16:00 Guard Tower
16:02 Guard Tower
16:42 Guard Tower
17:37 Guard Tower
22:48 Arcane Vault
23:31 Farm
23:31 Farm
23:31 Farm
23:32 Farm
27:25 Scout Tower
27:25 Scout Tower
27:25 Scout Tower
27:27 Scout Tower
27:27 Scout Tower
27:28 Scout Tower
27:28 Scout Tower
29:49 Workshop
29:50 Workshop
29:54 Workshop
30:07 Guard Tower
30:55 Guard Tower
31:27 Scout Tower
31:27 Scout Tower
31:27 Scout Tower
31:28 Scout Tower
31:28 Scout Tower
31:28 Scout Tower
31:29 Scout Tower
31:30 Scout Tower
31:31 Scout Tower
31:32 Scout Tower
31:59 Scout Tower
31:59 Scout Tower
32:00 Scout Tower
32:11 Guard Tower
32:39 Farm
33:06 Guard Tower
34:47 Town Hall
35:02 Scout Tower
35:02 Scout Tower
35:02 Scout Tower
35:03 Scout Tower
35:03 Scout Tower
35:04 Scout Tower
35:08 Scout Tower
35:08 Scout Tower
35:09 Scout Tower
35:09 Scout Tower
35:12 Scout Tower
36:12 Guard Tower
37:09 Scout Tower
» items
| Scroll of Regeneration | 4 | |
| Potion of Invisibility | 4 | |
| Tome of Retraining | 1 | |
| Scroll of Town Portal | 3 | |
| Staff of Teleportation | 1 | |
| Potion of Healing | 2 | |
| Periapt of Vitality | 2 | |
17 total

»
walmartpimp (
pink | 65 APM | 3598 actions | 55:32)
8 Keeper of the Grove
2 Force of Nature
3 Entangling Roots
1 Tranquility
2 Thorns Aura
» actions
| Assign group hotkey | 59 | |
| Basic commands | 148 | |
| Build / train | 94 | |
| ESC pressed | 4 | |
| Enter build submenu | 34 | |
| Enter hero's abilities submenu | 9 | |
| Give item / drop item | 2 | |
| Right click | 924 | |
| Select / deselect | 347 | |
| Select group hotkey | 1902 | |
| Use ability | 75 | |
3598 total
» units
| Wisp | 30 | |
| Archer | 6 | |
| Chimaera | 14 | |
| Hippogryph | 12 | |
62 total
» upgrades
| Ultravision | 1 | |
| Strength of the Wild | 3 | |
| Reinforced Hides | 3 | |
| Well Spring | 1 | |
| Corrosive Breath | 1 | |
9 total
» buildings
| Altar of Elders | 1 | |
| Moon Well | 8 | |
| Hunter's Hall | 1 | |
| Ancient of War | 1 | |
| Ancient Protector | 10 | |
| Tree of Ages | 2 | |
| Tree of Life | 1 | |
| Tree of Eternity | 1 | |
| Ancient of Wind | 2 | |
| Chimaera Roost | 3 | |
| Ancient of Wonders | 1 | |
31 total
» build order
00:28 Altar of Elders
00:45 Moon Well
01:45 Moon Well
01:54 Hunter's Hall
02:23 Ancient of War
03:01 Ancient Protector
03:05 Ancient Protector
03:47 Moon Well
04:32 Tree of Ages
04:32 Tree of Ages
05:29 Moon Well
06:35 Tree of Life
07:17 Ancient Protector
07:22 Ancient Protector
07:25 Ancient Protector
07:29 Ancient Protector
08:28 Tree of Eternity
09:17 Ancient of Wind
09:45 Moon Well
11:09 Chimaera Roost
11:13 Chimaera Roost
11:32 Chimaera Roost
12:02 Moon Well
12:19 Ancient of Wonders
13:43 Moon Well
15:12 Ancient Protector
16:37 Ancient of Wind
18:09 Ancient Protector
18:12 Ancient Protector
18:15 Ancient Protector
23:06 Moon Well
» items
| Boots of Speed | 1 | |
| Potion of Lesser Invulnerability | 1 | |
| Scroll of Healing | 1 | |
| Scroll of Town Portal | 4 | |
| Orb of Venom | 1 | |
8 total
Chat log
(00:19 / All) BenitoMussolini: oh baby it's Walmartpimp!
(00:21 / All) DirtyJob: WE CARE A LOT
(00:24 / All) DirtyJob: WOOOOAHHHHHHH
(00:24 / All) BenitoMussolini: He's gonna be my ho again
(00:30 / All) DirtyJob: WELL IT'S A DIRTY JOB BUT SOMEONE'S GOTTA DO IT!
(00:54 / All) walmartpimp: i get buckets
(00:57 / All) ImGunaPakUrFudg: does that mean u whore out walmart workers?
(01:08 / All) walmartpimp: cashiers
(01:09 / All) BenitoMussolini: I make him my bitch whenever I see him in this game
(01:18 / All) ImGunaPakUrFudg: cus i think they whore themselves out already for $8.75 /hour
(01:28 / All) BenitoMussolini: lol
(01:31 / All) walmartpimp: yeah, good rate
(01:43 / All) ImGunaPakUrFudg: if u don't need food to survive
(01:44 / All) ImGunaPakUrFudg: its not bad
(05:51 / Allies) BenitoMussolini: 100 wood please
(05:59 / Allies) BenitoMussolini: ty
(06:02 / Allies) DrunkenMonkey54: np
(06:58 / All) condenz: gj
(07:00 / Allies) condenz: no help
(07:05 / Allies) condenz: tnx
(07:07 / All) ImGunaPakUrFudg: gg
(08:47 / All) ImGunaPakUrFudg: shit team
(08:48 / All) ImGunaPakUrFudg: gg
(08:52 / All) ImGunaPakUrFudg: we have 2 retards
(08:54 / All) ImGunaPakUrFudg: on our team
(08:55 / All) BenitoMussolini: Who?
(08:58 / All) BenitoMussolini: What are they doing?
(08:59 / All) ImGunaPakUrFudg: pink and teal
(09:04 / All) ImGunaPakUrFudg: both dumb as shijt
(09:06 / All) BenitoMussolini: What's wrong with teal?
(09:07 / All) ImGunaPakUrFudg: i say 3 down hereo
(09:09 / All) ImGunaPakUrFudg: they creep
(09:10 / All) ImGunaPakUrFudg: like noobz
(09:11 / All) ImGunaPakUrFudg: lol
(09:23 / All) ImGunaPakUrFudg: they so bad
(09:25 / All) ImGunaPakUrFudg: its sad
(09:30 / Allies) condenz: ty
(09:41 / All) DirtyJob: He's crying because we're creeping
(09:50 / All) BenitoMussolini: lol
(09:53 / All) BenitoMussolini: Red must be a clown
(09:56 / All) BenitoMussolini: I bet he sucks and has 50 APM
(10:21 / All) DirtyJob: first time he had a big advantage like that and thinks the rest of the team should
(10:25 / All) DirtyJob: bend to his b eck and call
(10:49 / All) ImGunaPakUrFudg: shit team
(10:51 / All) ImGunaPakUrFudg: uisless fucks
(12:02 / Allies) sr-marine84: sry yelo
(12:12 / Allies) condenz: np
(12:20 / Allies) sr-marine84: heal
(12:21 / Allies) sr-marine84: me gren
(12:27 / Allies) BenitoMussolini: go
(13:50 / Allies) condenz: u gys rock
(20:26 / All) ImGunaPakUrFudg: shit tema
(20:26 / All) ImGunaPakUrFudg: gg
(20:27 / All) ImGunaPakUrFudg: we lost
(20:33 / All) ImGunaPakUrFudg: usless s fucks
(20:34 / All) DirtyJob: 20-13 and thinks he's something
(20:43 / All) ImGunaPakUrFudg: uysless fuck team
(20:43 / All) ImGunaPakUrFudg: gg
(20:49 / All) BenitoMussolini: gg
(20:58 / All) BenitoMussolini: nice harass too bad it does nothing when you yourself are harassed and burrow raped
(21:00 / All) ImGunaPakUrFudg: teal and pink for the loss
(21:11 / All) ImGunaPakUrFudg: ylo was dead
(21:16 / All) ImGunaPakUrFudg: 4v2
(21:17 / All) BenitoMussolini: "was"
(21:18 / All) ImGunaPakUrFudg: and we woulda won
(21:23 / All) ImGunaPakUrFudg: but noob fucks on top creep
(21:26 / All) ImGunaPakUrFudg: whjile we own u
(21:29 / All) ImGunaPakUrFudg: liek noob shits
(21:31 / Allies) sr-marine84: gold
(21:32 / Allies) sr-marine84: green?
(21:34 / All) ImGunaPakUrFudg: and lose the game
(21:36 / All) BenitoMussolini: You were raped, don't be afraid to admit it
(21:59 / Allies) sr-marine84: 4k?
(22:00 / Allies) sr-marine84: green
(22:02 / Allies) sr-marine84: plz more
(22:24 / All) ImGunaPakUrFudg: teal has 15,000 gold
(22:27 / All) ImGunaPakUrFudg: and wont' shaire
(22:29 / All) ImGunaPakUrFudg: cus he noob fuck
(22:42 / All) DirtyJob: did you ever ask for any?
(22:43 / All) ImGunaPakUrFudg: 15,000!!!
(22:50 / All) ImGunaPakUrFudg: u can see i'm dying here
(23:07 / All) ImGunaPakUrFudg: no burrows
(23:10 / All) ImGunaPakUrFudg: 3 units
(23:12 / All) ImGunaPakUrFudg: and i'm ok lol
(23:21 / Allies) sr-marine84: 4.6 k greeen
(23:54 / All) ImGunaPakUrFudg: gg teal for teh loss
(23:59 / All) ImGunaPakUrFudg: mass gold for the lose of game
(24:48 / All) ImGunaPakUrFudg: god my team blows ass
(25:58 / Allies) sr-marine84: gold
(25:59 / Allies) sr-marine84: now
(26:00 / Allies) sr-marine84: green
(26:02 / Allies) BenitoMussolini: No
(26:25 / Allies) sr-marine84: thanks
(26:32 / Allies) sr-marine84: i have to sell shit to mine
(27:14 / Allies) sr-marine84: no
(27:16 / Allies) sr-marine84: green
(27:20 / Allies) BenitoMussolini: ^Yes
(27:21 / Allies) sr-marine84: mine
(27:26 / Allies) BenitoMussolini: Nope
(27:28 / Allies) BenitoMussolini: I took it first
(27:36 / Allies) sr-marine84: wow
(29:13 / Allies) DrunkenMonkey54: should make tanks yellow
(29:40 / All) ImGunaPakUrFudg: teal sahre gold!!!
(29:45 / All) ImGunaPakUrFudg: teal has 21,000!!!
(30:44 / All) ImGunaPakUrFudg: well teal for the loss
(30:47 / All) ImGunaPakUrFudg: he massing towerse
(30:49 / All) ImGunaPakUrFudg: with 21,000 gold
(30:51 / All) ImGunaPakUrFudg: noob fuck
(30:51 / All) ImGunaPakUrFudg: gg
(31:57 / Allies) BenitoMussolini: Stop autofollowing me yellow, it looks dangerous
(31:59 / Allies) BenitoMussolini: like if you're a tker
(32:17 / All) ImGunaPakUrFudg: teal a usless fuck
(34:36 / All) ImGunaPakUrFudg: teal = fucking noob
(34:46 / All) BenitoMussolini: He is pro
(34:52 / All) ImGunaPakUrFudg: he a shti player
(34:57 / All) ImGunaPakUrFudg: he hack to get 20,000 gold
(34:59 / All) BenitoMussolini: He is better than you
(35:00 / All) ImGunaPakUrFudg: than do nothing
(35:01 / All) ImGunaPakUrFudg: all game
(35:02 / Allies) sr-marine84: gold anyone?
(35:02 / All) BenitoMussolini: That isn't a hack
(35:07 / All) BenitoMussolini: it's an expo strat
(35:11 / All) ImGunaPakUrFudg: 20,000 gold hack
(35:12 / All) ImGunaPakUrFudg: noob
(35:24 / All) BenitoMussolini: It ain't a hack yo
(35:30 / All) ImGunaPakUrFudg: how much a miine hold u dumb fuck
(35:33 / All) ImGunaPakUrFudg: he has 18,00 righ tno
(35:38 / All) BenitoMussolini: 12,500, he has many mines
(35:42 / All) BenitoMussolini: although depneds on the map
(35:43 / All) ImGunaPakUrFudg: 3
(37:24 / Allies) condenz: control my gyro
(37:32 / Allies) condenz: someone control my copters
(38:16 / All) ImGunaPakUrFudg: teal the usless prick
(38:22 / All) ImGunaPakUrFudg: for the 2 hour game
(40:04 / All) ImGunaPakUrFudg: eat a dick green
(40:25 / Allies) BenitoMussolini: 500 gold please
(40:37 / Allies) BenitoMussolini: gold
(40:41 / Allies) sr-marine84: lol
(41:01 / Allies) BenitoMussolini: GOLD
(41:17 / All) ImGunaPakUrFudg: eat a dick green
(41:31 / Allies) sr-marine84: i dont have it man
(41:35 / Allies) BenitoMussolini: gold
(42:51 / Allies) sr-marine84: u did this green
(42:53 / All) ImGunaPakUrFudg: eat afat cock
(42:56 / All) ImGunaPakUrFudg: noob green
(43:10 / All) BenitoMussolini: Do you seriously think you won?
(43:16 / All) ImGunaPakUrFudg: teal noob
(43:19 / All) ImGunaPakUrFudg: we probalby lost
(43:22 / All) ImGunaPakUrFudg: but yes
(43:23 / All) ImGunaPakUrFudg: we won
(43:31 / All) ImGunaPakUrFudg: omg
(43:37 / All) ImGunaPakUrFudg: wow
(43:38 / All) BenitoMussolini: noob
(43:39 / All) ImGunaPakUrFudg: teal fuck me
(43:40 / All) BenitoMussolini: Eat shit and die
(43:41 / All) ImGunaPakUrFudg: he tped
(43:43 / All) ImGunaPakUrFudg: and stun me
(43:47 / All) BenitoMussolini: how fucking mad are you bro?
(43:47 / All) ImGunaPakUrFudg: wha ta nooob fuck
(43:50 / All) DirtyJob: You must have me mistaken for someone else
(43:55 / All) DirtyJob: I did no such thing
(43:58 / All) ImGunaPakUrFudg: tal stun me
(44:00 / All) ImGunaPakUrFudg: with tp
(44:04 / All) ImGunaPakUrFudg: like a noob fukc
(44:04 / All) DirtyJob: Maybe orange did it
(44:07 / All) BenitoMussolini: Hope your harass paid off
(44:11 / All) ImGunaPakUrFudg: sad fuck teal
(44:13 / All) ImGunaPakUrFudg: usless fuck
(44:20 / All) ImGunaPakUrFudg: green and teal ass ramming
(44:24 / All) ImGunaPakUrFudg: |in same room
(44:30 / All) ImGunaPakUrFudg: while they play dick suck
(44:41 / All) ImGunaPakUrFudg: |
(44:45 / All) ImGunaPakUrFudg: teal and green for sure friends
(44:47 / All) ImGunaPakUrFudg: sad noobz
(44:52 / All) ImGunaPakUrFudg: paly fuckign 4 hour game
(44:54 / All) ImGunaPakUrFudg: like noob fuck
(45:01 / All) BenitoMussolini: lawl this game was fun as hell
(45:05 / All) ImGunaPakUrFudg: now he tk
(45:08 / All) ImGunaPakUrFudg: u guys sad fucks
(45:13 / All) ImGunaPakUrFudg: noob hacking pussi bitches
(45:23 / All) BenitoMussolini: Red was a good man
(45:33 / All) BenitoMussolini: he was entertaining
(45:49 / All) BenitoMussolini: My nigger team doesn't want to leave
(45:56 / All) sr-marine84: nope
(46:10 / All) sr-marine84: is teal the only one or there
(46:20 / All) BenitoMussolini: Orange is too
(46:26 / All) sr-marine84: pink u there re?
(46:28 / All) sr-marine84: red?
(46:32 / All) BenitoMussolini: only red left
(46:37 / All) BenitoMussolini: Nobody has left his far in, very rare for 4v4 RT
(46:43 / All) BenitoMussolini: DON'T LEAVE YET
(46:55 / All) sr-marine84: i wont
(46:59 / All) BenitoMussolini: Alright everyone listen up
(47:03 / All) BenitoMussolini: Teal and I were friends
(47:08 / All) BenitoMussolini: We will give you both an equal chance of winning
(47:10 / All) BenitoMussolini: We will kill everything
(47:13 / All) BenitoMussolini: icnluding our own stuff
(47:16 / All) BenitoMussolini: and only 2 buildings will remain
(47:17 / All) sr-marine84: no shit
(47:19 / All) BenitoMussolini: no way to finish the other
(47:25 / All) sr-marine84: u guys are real cool
(47:25 / All) BenitoMussolini: Best internet wins, the last man to leave leaves victorious
(47:27 / All) BenitoMussolini: Sound fair?
(47:34 / All) BenitoMussolini: You will have a 50/50 chance to win with the enemy team
(48:52 / Allies) sr-marine84: green he has tanks u fuckin idiot
(49:00 / All) BenitoMussolini: He is on my team you fucking idiot
(49:07 / All) BenitoMussolini: Did you hear the rules? Should I repeat them?
(49:12 / All) BenitoMussolini: We are killing everything including our own stuff
(49:16 / All) BenitoMussolini: only 2 buildings will remain
(49:20 / All) BenitoMussolini: last team to leave leaves victorious
(49:21 / All) sr-marine84: really i thought u were enemies???W??
(49:21 / All) BenitoMussolini: Sound fair?
(49:28 / All) BenitoMussolini: You will be in a standoff with an equal chance of winning
(49:32 / All) BenitoMussolini: with the other team. Sound fair?
(49:40 / All) BenitoMussolini: Will you be willing to leave your computer on all night for the win?
(49:48 / All) sr-marine84: ya
(49:51 / All) BenitoMussolini: Good
(52:09 / All) BenitoMussolini: You can keep that gyro, it won't be doing anything
(53:32 / All) BenitoMussolini: My team is all 0 food I think, except the 1 gyro and my 2 shades
(53:38 / All) BenitoMussolini: My side of the standoff is done
(54:40 / All) BenitoMussolini: Good luck, everyone
(55:28 / All) BenitoMussolini: LET IT BEGIN, LET IT BEGIN!